Map: Battle on the Boardwalk LE

Players

Plazt

  • Race: Zerg Zerg
  • Spawn Location: 11:00

iggythefisk

  • Race: Zerg Zerg
  • Spawn Location: 1:00

Bubbas

  • Race: Zerg Zerg

matathemyra

  • Race: Zerg Zerg

VOD

Have the link to the VOD?

Description

Time

  • Played on: Nov. 20, 2017, 12:49 p.m.
  • Length: 14:59
Show
View Real Time Build Order
Export as new Build Order

Plazt Zerg 

Build Orders: Hatch First 

Get SALT Encoding   

  12  0:01  Drone  
  13  0:12  Overlord  
  13  0:17  Drone  
  14  0:27  Extractor  
  14  0:28  Drone  
  15  0:31  Drone  
  16  0:40  Drone  
  17  0:56  Hatchery  
  16  1:08  Spawning Pool  
  16  1:11  Drone  
  16  1:22  Drone  
  16  1:23  Overlord  
  17  1:30  Drone  
  18  1:37  Drone  
  19  1:42  Extractor  
  18  1:47  Drone  
  19  1:57  Drone  
  19  1:58  Queen  
  22  2:06  Zergling x2  
  23  2:12  Drone  
  24  2:17  Queen  
  24  2:21  Zergling x2  
  27  2:26  Spine Crawler  
  26  2:30  Zergling x4  
  28  2:39  Zergling x4  
  28  2:42  Spine Crawler  
  28  2:44  Drone  
  30  2:49  Metabolic Boost  
  29  2:57  Drone  
  30  3:02  Overlord  
  30  3:07  Overlord  
  30  3:21  Overlord  
  30  3:24  Drone x5  
  35  3:31  Lair  
  35  3:35  Drone  
  36  3:43  Drone x2  
  36  3:45  Drone x3  
  41  3:51  Drone x2  
  43  4:01  Roach Warren  
  42  4:09  Extractor  
  41  4:11  Drone x4  
  45  4:25  Hatchery  
  43  4:34  Overlord  
  43  4:39  Zergling x4  
  43  4:40  Zergling x2  
  43  4:41  Extractor  
  43  4:42  Zergling x8  
  49  4:46  Roach  
  51  4:57  Roach x4  
  59  5:00  Overlord x2  
  59  5:09  Overlord x2  
  58  5:20  Roach x5  
  68  5:21  Glial Reconstitution  
  68  5:24  Hatchery  
  68  5:26  Roach x2  
  71  5:31  Roach  
  73  5:40  Roach x2  
  73  5:41  Roach x2  
  81  5:53  Hydralisk Den  
  81  5:55  Roach x4  
  88  5:59  Drone x2  
  90  6:06  Drone  
  91  6:17  Drone  
  92  6:24  Muscular Augments  
  91  6:28  Extractor  
  90  6:33  Zergling x2  
  90  6:34  Zergling x2  
  90  6:35  Overlord x2  
  90  6:36  Overlord  
  90  6:38  Queen  
  93  6:43  Spine Crawler  
  93  6:44  Spine Crawler, Hydralisk x2  
  94  7:00  Hydralisk  
  94  7:01  Hydralisk x3  
  98  7:11  Drone x6  
  99  7:27  Queen  
  91  7:31  Roach x3  
  91  7:32  Roach  
  80  7:51  Roach x4  
  83  8:04  Drone x6  
  89  8:09  Roach  
  82  8:20  Hydralisk x2  
  82  8:21  Hydralisk  
  85  8:49  Hatchery  
  85  8:51  Zergling x10  
  85  8:53  Hydralisk x3  
  93  9:00  Drone x3  
  93  9:08  Drone x2  
  95  9:17  Drone x2  
  96  9:25  Evolution Chamber  
  96  9:26  Evolution Chamber, Queen  
  96  9:28  Drone x2  
  96  9:29  Drone  
  99  9:37  Drone x2  
  101  9:43  Drone  
  101  9:44  Drone  
  101  9:58  Zerg Missile Weapons Level 1  
  99  10:00  Zerg Ground Armor Level 1  
  99  10:04  Queen  
  100  10:07  Spine Crawler  
  100  10:08  Spine Crawler  
  100  10:09  Spine Crawler  
  100  10:14  Drone x6  
  103  10:27  Drone x3  
  106  10:33  Hatchery  
  105  10:37  Zergling x6  
  107  10:49  Roach  
  110  10:50  Roach x6  
  112  11:04  Drone x2  
  112  11:05  Drone x4  
  112  11:06  Overlord  
  117  11:18  Infestation Pit  
  116  11:26  Queen  
  116  11:28  Overlord  
  116  11:30  Extractor  
  117  11:33  Extractor  
  117  11:34  Drone x2  
  117  11:35  Drone x8  
  126  11:47  Ravager x2  
  126  11:48  Ravager x4  
  126  11:53  Extractor  
  131  11:55  Extractor  
  131  11:57  Pathogen Glands  
  131  11:58  Spine Crawler  
  131  11:59  Hydralisk x3  
  131  12:00  Hydralisk x2  
  139  12:11  Overlord x2  
  139  12:12  Zerg Missile Weapons Level 2  
  139  12:17  Zerg Ground Armor Level 2  
  135  12:28  Queen  
  126  12:32  Infestor x2  
  127  12:37  Overlord x2  
  127  12:38  Overlord x3  
  121  12:47  Overlord x2  
  119  12:55  Queen  
  119  12:59  Infestor x3  
  119  13:00  Infestor  
  119  13:06  Roach x5  
  93  13:26  Queen  
  93  13:30  Drone x8  
  93  13:31  Drone x2  
  93  13:32  Ravager  
  93  13:33  Ravager x3  
  109  13:40  Drone x2  
  109  13:41  Drone x5  
  112  14:08  Spine Crawler  
  112  14:09  Spine Crawler  
  104  14:10  Spine Crawler  
  104  14:11  Overlord x3  
  104  14:14  Hatchery  
  91  14:29  Overlord x2  
Show
View Real Time Build Order
Export as new Build Order

iggythefisk Zerg 

Build Orders: Pool First 

Get SALT Encoding   

  12  0:01  Drone  
  13  0:08  Drone  
  14  0:16  Overlord  
  14  0:34  Drone x3  
  17  0:53  Spawning Pool  
  16  0:57  Extractor, Drone  
  16  1:13  Hatchery  
  16  1:17  Drone  
  16  1:22  Drone  
  16  1:24  Drone  
  18  1:31  Overlord  
  18  1:40  Zergling x2  
  19  1:47  Queen  
  19  1:52  Drone  
  22  1:58  Metabolic Boost  
  22  2:01  Zergling x2  
  23  2:11  Drone  
  24  2:23  Queen  
  28  2:30  Drone x2  
  28  2:35  Roach Warren  
  28  2:36  Drone  
  28  2:43  Zergling x2  
  29  2:50  Drone x2  
  30  2:53  Queen  
  32  3:00  Zergling x2  
  32  3:01  Zergling x2  
  34  3:10  Zergling x2  
  34  3:11  Zergling x2  
  36  3:12  Overlord  
  36  3:14  Overlord  
  36  3:34  Roach x2  
  36  3:35  Roach  
  42  3:43  Extractor  
  42  3:47  Evolution Chamber  
  40  3:49  Roach  
  40  3:50  Roach  
  44  3:57  Drone x5  
  49  4:08  Drone x3  
  52  4:15  Zerg Missile Weapons Level 1  
  51  4:18  Lair  
  51  4:26  Overlord  
  51  4:27  Overlord  
  51  4:35  Overlord  
  51  4:49  Roach  
  51  4:50  Roach x5  
  63  5:05  Roach, Hatchery  
  63  5:06  Roach x2  
  68  5:10  Evolution Chamber  
  62  5:15  Spine Crawler  
  61  5:22  Roach x3  
  61  5:26  Drone x2  
  69  5:33  Glial Reconstitution  
  69  5:37  Roach  
  69  5:38  Roach  
  69  5:39  Drone  
  74  5:54  Evolution Chamber  
  73  5:57  Drone x2  
  73  5:59  Extractor  
  73  6:02  Overlord  
  74  6:05  Drone  
  74  6:09  Overlord x2  
  75  6:13  Zerg Missile Weapons Level 2  
  75  6:19  Drone x4  
  79  6:30  Zerg Ground Armor Level 1  
  79  6:37  Drone x7  
  86  6:42  Spine Crawler  
  86  6:43  Drone  
  86  6:53  Roach x4  
  96  6:54  Roach  
  96  7:01  Roach  
  96  7:03  Roach  
  91  7:10  Roach  
  91  7:14  Roach  
  80  7:24  Drone  
  80  7:26  Zergling x6  
  80  7:27  Zergling x16  
  82  7:43  Extractor  
  77  7:47  Drone x4  
  75  8:09  Roach x4  
  81  8:16  Roach  
  81  8:17  Roach  
  83  8:23  Zergling x2  
  83  8:24  Queen, Zergling x8  
  83  8:25  Queen  
  88  8:29  Extractor  
  85  8:34  Roach x4  
  85  8:35  Roach  
  85  8:41  Extractor  
  80  8:42  Spine Crawler  
  80  8:43  Drone x3  
  79  8:54  Roach x3  
  83  8:59  Roach x3  
  87  9:05  Zergling x2  
  87  9:06  Zergling x2  
  87  9:15  Roach x2  
  91  9:18  Zerg Ground Armor Level 2  
  91  9:24  Extractor  
  91  9:29  Overlord  
  91  9:30  Overlord x2  
  91  9:31  Overlord  
  89  9:39  Overlord  
  89  9:51  Zergling x20  
  99  9:58  Drone x4  
  103  10:09  Overlord  
  103  10:11  Roach x5  
  113  10:18  Hydralisk Den  
  112  10:25  Overlord  
  112  10:26  Overlord  
  112  10:38  Drone x2  
  112  10:39  Drone x5  
  119  10:46  Drone x4  
  122  10:55  Muscular Augments, Hydralisk  
  122  10:56  Hydralisk x3  
  120  11:14  Hatchery  
  120  11:17  Hydralisk x6  
  131  11:27  Hydralisk  
  131  11:28  Hydralisk x2  
  137  11:48  Overlord x3  
  137  11:50  Pneumatized Carapace  
  137  11:51  Overlord  
  137  12:09  Hydralisk  
  137  12:10  Hydralisk x8  
  155  12:19  Infestation Pit  
  156  12:23  Roach x5  
  147  12:46  Hydralisk x7  
  147  12:47  Hydralisk  
  159  13:00  Roach x4  
  159  13:01  Roach x2  
  159  13:09  Roach  
  159  13:10  Roach x3  
  145  13:18  Roach x3  
  143  13:21  Drone x3  
  143  13:22  Drone  
  147  13:30  Hive  
  147  13:34  Drone x4  
  151  13:48  Roach x6  
  155  13:57  Hydralisk x3  
  157  14:09  Hydralisk x3  
  159  14:10  Hydralisk x2  
  159  14:14  Overlord  
  159  14:15  Overlord  
Show
View Real Time Build Order
Export as new Build Order

Bubbas Zerg 

Build Orders:  

Get SALT Encoding   

Show
View Real Time Build Order
Export as new Build Order

matathemyra Zerg 

Build Orders:  

Get SALT Encoding   

Tags
 
Add a new tag
Caveats
  • Supply blocks, unpowered buildings, or Contaminate may cause inaccurate times.
  • Supply counts are checked every 10 seconds.